Stars vs Falcons

Created - Friday, November 06, 2015 at 02:02

Goals
1 2 3 T
Stars 0 1 0 1
Falcons 0 3 1 4
Shots
1 2 3 T
Stars 7 10 5 22
Falcons 8 13 8 29

1st period

No Goal

Penalties :
Eric Tangradi (SPR) for Roughing (Minor) at 1:18

2nd period

1. Stars , Brett Ritchie 3 (Jason Williams, Miikka Salomaki) at 8:09
2. Falcons , Markus Granlund 5 (Nathan Beaulieu, Ville Pokka) at 13:49 (PP)
3. Falcons , Freddie Hamilton 2 (Jacob De La Rose) at 16:13 (PP)
4. Falcons , Freddie Hamilton 3 (Ville Pokka, Markus Granlund) at 17:05 (PP)

Penalties :
Cameron Gaunce (TEX) for Holding Stick (Minor) at 4:33, Brent Sopel (TEX) for Holding (Minor) at 13:38, Steven Delisle (TEX) for Roughing (Minor) at 14:39, Justin Shugg (TEX) for Hooking (Minor) at 16:56

3rd period

5. Falcons , Joey Hishon 4 (Greg Rallo) at 8:03

Penalties :
Eric Tangradi (SPR) for Fighting (Major) at 7:51, Steven Delisle (TEX) for Fighting (Major) at 7:51, Eric Tangradi (SPR) for High sticking (Minor) at 18:47

Goalie Stats

Justin Peters (TEX), 25 saves from 29 shots - (0.862), L, 3-7-3, 60:00 minutes
Malcolm Subban (SPR), 21 saves from 22 shots - (0.955), W, 5-1-1, 60:00 minutes

Players Stats for Stars

Player Name              G  A  P  +/- PIM S  H  SB GA TA FO     MP     PP MP  PK MP  
------------------------------------------------------------------------------------
Alexandre Grenier        0  0  0  -1  0   2  1  0  0  1  0/0    19:59   1:42   0:00 
Austin Madaisky          0  0  0   0  0   0  0  1  0  4  0/0    22:13   1:37   2:18 
Brandon Kozun            0  0  0  -1  0   3  1  1  6  0  0/0    20:11   1:42   0:00 
Brent Sopel              0  0  0   0  2   1  1  0  0  0  0/0    13:33   0:00   0:00 
Brett Ponich             0  0  0   0  0   0  0  0  0  0  0/0     0:00   0:00   0:00 
Brett Ritchie            1  0  1   1  0   3  1  1  4  0  1/10   21:23   1:29   2:16 
Bruno Gervais            0  0  0  -1  0   0  0  3  0  5  0/0    26:17   1:34   2:58 
Cameron Gaunce           0  0  0   0  2   0  3  0  0  1  0/0    21:19   1:37   0:53 
Jason Williams           0  1  1   1  0   1  2  1  0  0  0/0    12:57   0:00   0:00 
John Albert              0  0  0   0  0   1  0  0  4  1  0/0    13:55   0:00   0:26 
Jonathan Diaby           0  0  0   1  0   1  0  0  0  2  0/0    14:36   0:00   0:00 
Justin Shugg             0  0  0   0  2   3  0  0  0  0  0/0    14:49   0:00   0:43 
Miikka Salomaki          0  1  1   1  0   2  1  0  0  0  3/3    12:57   0:00   1:02 
Paul Thompson            0  0  0   0  0   1  0  0  1  0  1/5    20:52   1:29   0:09 
Rocco Grimaldi           0  0  0   0  0   0  0  0  0  0  0/1     2:28   0:00   0:00 
Steven Delisle           0  0  0   0  7   1  1  4  1  1  0/0    22:07   1:34   1:37 
Zac Dalpe                0  0  0  -1  0   2  0  0  2  0  6/23   20:08   1:42   0:09 
Zach Sill                0  0  0   0  0   1  3  1  2  0  0/0    16:18   1:29   3:01 

Players Stats for Falcons

Player Name              G  A  P  +/- PIM S  H  SB GA TA FO     MP     PP MP  PK MP  
------------------------------------------------------------------------------------
Alex Broadhurst          0  0  0  -1  0   0  1  0  0  0  1/2     9:56   0:00   0:00 
Colton Parayko           0  0  0   0  0   1  1  3  1  2  0/0    20:38   1:16   1:36 
Dan Kelly                0  0  0  -1  0   0  0  0  0  0  0/0     5:50   0:00   0:00 
Dave Steckel             0  0  0   0  0   0  1  1  0  0  4/6    16:27   0:00   0:00 
Drayson Bowman           0  0  0   1  0   2  2  0  2  1  1/3    17:18   0:00   0:00 
Duncan Siemens           0  0  0   0  0   1  1  1  0  0  0/0    14:12   0:00   0:00 
Emile Poirier            0  0  0   0  0   2  3  1  1  0  0/0    15:20   0:00   0:20 
Eric Tangradi            0  0  0   0  9   1  1  0  1  1  0/0    15:37   1:39   0:00 
Freddie Hamilton         2  0  2   0  0   3  2  1  5  0  0/0    16:19   2:14   0:40 
Greg Rallo               0  1  1   1  0   4  3  0  3  1  0/0    18:01   1:39   0:00 
Jacob De La Rose         0  1  1   0  0   3  2  0  1  0  1/1    18:10   2:14   2:31 
Joey Hishon              1  0  1   1  0   5  1  2  2  2  10/15  18:39   1:39   0:40 
Justin Courtnall         0  0  0  -1  0   1  1  1  2  1  0/0     9:33   0:00   0:00 
Markus Granlund          1  1  2  -1  0   2  1  0  5  1  14/15  21:26   2:14   2:11 
Nathan Beaulieu          0  1  1   0  0   1  2  0  0  3  0/0    25:09   2:37   1:35 
Slater Koekkoek          0  0  0   0  0   0  1  0  0  0  0/0    14:13   0:00   0:00 
Ville Pokka              0  2  2   1  0   3  0  0  0  1  0/0    19:19   2:37   1:35 
Vincent LoVerde          0  0  0   0  0   0  2  1  0  2  0/0    20:38   1:16   1:36 

3 Stars

1 - Freddie Hamilton (SPR)
2 - Malcolm Subban (SPR)
3 - Joey Hishon (SPR)

Power Play

Stars - 0 on 3 Attempt(s) - 0.00%
Falcons - 3 on 4 Attempt(s) - 75.00%

Penalty Kill

Stars - 1 on 4 Attempt(s) - 25.00% - Score 0 goal in Penalty Kill
Falcons - 3 on 3 Attempt(s) - 100.00% - Score 0 goal in Penalty Kill

Team Stat

Stars - Hits : 14 - Faceoff Wins : 11 - Blocked Shots : 12 - Penalty Minutes : 13
Falcons - Hits : 25 - Faceoff Wins : 31 - Blocked Shots : 11 - Penalty Minutes : 9

Official

Referees : Unknown
Linesman : Unknown

Game Notes

Eric Tangradi and Steven Delisle fight to a draw at 7:51 of 3rd period
10:41 of 3rd period - Penalty Shot by Joey Hishon for Falcons - Shot Misses the Net

Finance

Level 1 -- Attendance: 1609 (80.45%) -- Ticket Income $56,315
Level 2 -- Attendance: 718 (71.80%) -- Ticket Income $10,770
Total Attendance: 2327 (77.57%)
Total Ticket Income: $67,085
Other Income: $32,872
Total Income: $99,957

Stars

5 vs 5 Forward 
   Center                   Left Wing                Right Wing               Time % Phy DF OF 
 1 Brett Ritchie            Paul Thompson            Zach Sill                35     1   2  2  
 2 Zac Dalpe                Brandon Kozun            Alexandre Grenier        30     1   2  2  
 3 Paul Thompson            John Albert              Justin Shugg             22     1   2  2  
 4 Miikka Salomaki          Jason Williams           Brett Ritchie            13     1   2  2  

5 vs 5 Defense 
   Defense                  Defense                                           Time % Phy DF OF 
 1 Steven Delisle           Bruno Gervais                                     35     1   2  2  
 2 Cameron Gaunce           Austin Madaisky                                   30     1   2  2  
 3 Steven Delisle           Jonathan Diaby                                    22     1   2  2  
 4 Brent Sopel              Bruno Gervais                                     13     1   2  2  

PowerPlay Forward 
   Center                   Left Wing                Right Wing               Time % Phy DF OF 
 1 Brett Ritchie            Paul Thompson            Zach Sill                60     1   2  2  
 2 Zac Dalpe                Brandon Kozun            Alexandre Grenier        40     1   2  2  

PowerPlay Defense
   Defense                  Defense                                           Time % Phy DF OF 
 1 Steven Delisle           Bruno Gervais                                     60     1   2  2  
 2 Cameron Gaunce           Austin Madaisky                                   40     1   2  2  

Penalty Kill 4 Players Forward 
   Center                   Wing                     Time % Phy DF OF 
 1 Brett Ritchie            Zach Sill                60     1   2  2  
 2 Zac Dalpe                Paul Thompson            40     1   2  2  

Penalty Kill 4 Players Defense
   Defense                  Defense                  Time % Phy DF OF 
 1 Austin Madaisky          Bruno Gervais            60     1   2  2  
 2 Steven Delisle           Cameron Gaunce           40     1   2  2  

Penalty Kill - 3 Players Forward 
   Forward                                           Time % Phy DF OF 
 1 Brett Ritchie                                     60     1   2  2  
 2 Justin Shugg                                      40     1   2  2  

Penalty Kill - 3 Players Defense
   Defense                  Defense                  Time % Phy DF OF 
 1 Cameron Gaunce           Austin Madaisky          60     1   2  2  
 2 Brent Sopel              Bruno Gervais            40     1   2  2  

4 vs 4 Forward 
   Center                   Wing                     Time % Phy DF OF 
 1 Brett Ritchie            Zac Dalpe                60     1   2  2  
 2 Zach Sill                John Albert              40     1   2  2  

4 vs 4 Defense
   Defense                  Defense                  Time % Phy DF OF 
 1 Bruno Gervais            Cameron Gaunce           60     1   2  2  
 2 Jonathan Diaby           Steven Delisle           40     1   2  2  

Last Minutes Offensive
   Center                   Left Wing                Right Wing               Defense                  Defense                  
   Brett Ritchie            Zach Sill                Zac Dalpe                Cameron Gaunce           Bruno Gervais            

Last Minutes Defensive
   Center                   Left Wing                Right Wing               Defense                  Defense                  
   Brett Ritchie            Zach Sill                Zac Dalpe                Cameron Gaunce           Bruno Gervais            

Goaltenders
Starting : Justin Peters            
Backup : Pat Nagle                

Extra Forwards
Normal : Jason Williams, Brett Ritchie, Zach Sill - PP : Brett Ritchie, Zac Dalpe - PK : Miikka Salomaki
Extra Defensemen
Normal : Brent Sopel, Jonathan Diaby, Bruno Gervais - PP : Bruno Gervais - PK : Austin Madaisky, Bruno Gervais
Penalty Shots
Jason Williams, Brett Ritchie, Zach Sill, Brandon Kozun, Zac Dalpe

Falcons

5 vs 5 Forward 
   Center                   Left Wing                Right Wing               Time % Phy DF OF 
 1 Markus Granlund          Jacob De La Rose         Freddie Hamilton         35     1   2  2  
 2 Joey Hishon              Eric Tangradi            Greg Rallo               30     1   2  2  
 3 Dave Steckel             Drayson Bowman           Emile Poirier            22     1   2  2  
 4 Alex Broadhurst          Justin Courtnall         Markus Granlund          13     1   2  2  

5 vs 5 Defense 
   Defense                  Defense                                           Time % Phy DF OF 
 1 Nathan Beaulieu          Ville Pokka                                       35     1   2  2  
 2 Vincent LoVerde          Colton Parayko                                    30     1   2  2  
 3 Slater Koekkoek          Duncan Siemens                                    22     1   2  2  
 4 Dan Kelly                Nathan Beaulieu                                   13     1   2  2  

PowerPlay Forward 
   Center                   Left Wing                Right Wing               Time % Phy DF OF 
 1 Markus Granlund          Jacob De La Rose         Freddie Hamilton         60     1   2  2  
 2 Joey Hishon              Eric Tangradi            Greg Rallo               40     1   2  2  

PowerPlay Defense
   Defense                  Defense                                           Time % Phy DF OF 
 1 Nathan Beaulieu          Ville Pokka                                       60     1   2  2  
 2 Vincent LoVerde          Colton Parayko                                    40     1   2  2  

Penalty Kill 4 Players Forward 
   Center                   Wing                     Time % Phy DF OF 
 1 Markus Granlund          Jacob De La Rose         60     1   2  2  
 2 Freddie Hamilton         Joey Hishon              40     1   2  2  

Penalty Kill 4 Players Defense
   Defense                  Defense                  Time % Phy DF OF 
 1 Nathan Beaulieu          Ville Pokka              60     1   2  2  
 2 Vincent LoVerde          Colton Parayko           40     1   2  2  

Penalty Kill - 3 Players Forward 
   Forward                                           Time % Phy DF OF 
 1 Markus Granlund                                   60     1   2  2  
 2 Jacob De La Rose                                  40     1   2  2  

Penalty Kill - 3 Players Defense
   Defense                  Defense                  Time % Phy DF OF 
 1 Nathan Beaulieu          Ville Pokka              60     1   2  2  
 2 Vincent LoVerde          Colton Parayko           40     1   2  2  

4 vs 4 Forward 
   Center                   Wing                     Time % Phy DF OF 
 1 Markus Granlund          Jacob De La Rose         60     1   2  2  
 2 Freddie Hamilton         Joey Hishon              40     1   2  2  

4 vs 4 Defense
   Defense                  Defense                  Time % Phy DF OF 
 1 Nathan Beaulieu          Ville Pokka              60     1   2  2  
 2 Vincent LoVerde          Colton Parayko           40     1   2  2  

Last Minutes Offensive
   Center                   Left Wing                Right Wing               Defense                  Defense                  
   Markus Granlund          Jacob De La Rose         Freddie Hamilton         Nathan Beaulieu          Ville Pokka              

Last Minutes Defensive
   Center                   Left Wing                Right Wing               Defense                  Defense                  
   Markus Granlund          Jacob De La Rose         Freddie Hamilton         Nathan Beaulieu          Ville Pokka              

Goaltenders
Starting : Malcolm Subban           
Backup : Christopher Gibson       

Extra Forwards
Normal : Drayson Bowman, Dave Steckel, Emile Poirier - PP : Drayson Bowman, Dave Steckel - PK : Emile Poirier
Extra Defensemen
Normal : Slater Koekkoek, Duncan Siemens, Dan Kelly - PP : Slater Koekkoek - PK : Duncan Siemens, Dan Kelly
Penalty Shots
Markus Granlund, Jacob De La Rose, Freddie Hamilton, Joey Hishon, Eric Tangradi

% Time on Ice - Stars

Lines # - Real PCT - Wanted PCT - Time Play
Normal Forward
1 - 19% - 35% - 10:05
2 - 35% - 30% - 18:17
3 - 25% - 22% - 13:29
4 - 21% - 13% - 11:05
Normal Defense
1 - 23% - 35% - 12:09
2 - 35% - 30% - 18:27
3 - 24% - 22% - 12:57
4 - 18% - 13% - 9:23
PP Forward
1 - 47% - 60% - 1:29
2 - 53% - 40% - 1:42
PP Defense
1 - 49% - 60% - 1:34
2 - 51% - 40% - 1:37
PK Forward
1 - 96% - 60% - 3:44
2 - 4% - 40% - 0:09
PK Defense
1 - 36% - 60% - 1:23
2 - 64% - 40% - 2:30
PK3 Forward
1 - 0% - 60%
2 - 0% - 40%
PK3 Defense
1 - 0% - 60%
2 - 0% - 40%
44 Forward
1 - 0% - 60%
2 - 0% - 40%
44 Defense
1 - 0% - 60%
2 - 0% - 40%
Last Minute Offensive  - 0:00
Last Minute Defensive  - 0:00
Total
Forward - 60:00
Defense - 60:00

% Time on Ice - Falcons

Lines # - Real PCT - Wanted PCT - Time Play
Normal Forward
1 - 25% - 35% - 13:01
2 - 31% - 30% - 16:20
3 - 27% - 22% - 14:02
4 - 18% - 13% - 9:33
Normal Defense
1 - 29% - 35% - 15:07
2 - 34% - 30% - 17:46
3 - 27% - 22% - 14:13
4 - 11% - 13% - 5:50
PP Forward
1 - 58% - 60% - 2:14
2 - 42% - 40% - 1:39
PP Defense
1 - 67% - 60% - 2:37
2 - 33% - 40% - 1:16
PK Forward
1 - 79% - 60% - 2:31
2 - 21% - 40% - 0:40
PK Defense
1 - 50% - 60% - 1:35
2 - 50% - 40% - 1:36
PK3 Forward
1 - 0% - 60%
2 - 0% - 40%
PK3 Defense
1 - 0% - 60%
2 - 0% - 40%
44 Forward
1 - 0% - 60%
2 - 0% - 40%
44 Defense
1 - 0% - 60%
2 - 0% - 40%
Last Minute Offensive  - 0:00
Last Minute Defensive  - 0:00
Total
Forward - 60:00
Defense - 60:00

Play by Play

1st period


0:01 of 1st period - Markus Granlund wins face-off versus Brett Ritchie in neutral zone.
0:21 of 1st period - Icing by Nathan Beaulieu.
0:22 of 1st period - Markus Granlund wins face-off versus Zac Dalpe in Falcons zone.
0:43 of 1st period - Snap shot by Jacob De La Rose.
0:43 of 1st period - Shot Misses the Net.
0:45 of 1st period - Wrist shot by Freddie Hamilton.
0:45 of 1st period - Shot Misses the Net.
0:57 of 1st period - Slapshot by Joey Hishon.
0:57 of 1st period - Stopped by Justin Peters without a rebound.
0:58 of 1st period - Joey Hishon wins face-off versus Paul Thompson in Stars zone.
1:18 of 1st period - Minor Penalty to Eric Tangradi for Roughing.
1:19 of 1st period - Markus Granlund wins face-off versus Brett Ritchie in Falcons zone.
1:19 of 1st period - Markus Granlund is hit by Zach Sill.
1:39 of 1st period - Snap shot by Zach Sill.
1:39 of 1st period - Shot Misses the Net.
1:41 of 1st period - Wrist shot by Zach Sill.
1:41 of 1st period - Stopped by Malcolm Subban without a rebound.
1:42 of 1st period - Markus Granlund wins face-off versus Zac Dalpe in Falcons zone.
2:42 of 1st period - Jacob De La Rose is hit by Cameron Gaunce.
3:18 of 1st period - Penalty to Eric Tangradi is over, Eric Tangradi is back on ice.
3:25 of 1st period - Bruno Gervais is hit by Freddie Hamilton and loses puck.
5:10 of 1st period - Off-side.
5:11 of 1st period - Joey Hishon wins face-off versus Zac Dalpe in neutral zone.
5:16 of 1st period - Backhand shot by Greg Rallo.
5:16 of 1st period - Stopped by Justin Peters with a rebound.
5:22 of 1st period - Wrist shot by Greg Rallo.
5:22 of 1st period - Shot Blocked by Steven Delisle.
5:24 of 1st period - Snap shot by Joey Hishon.
5:24 of 1st period - Stopped by Justin Peters without a rebound.
5:25 of 1st period - Zac Dalpe wins face-off versus Drayson Bowman in Stars zone.
5:41 of 1st period - Wrist shot by Emile Poirier.
5:41 of 1st period - Stopped by Justin Peters with a rebound.
6:11 of 1st period - Markus Granlund is hit by Steven Delisle and loses puck.
7:49 of 1st period - Snap shot by Paul Thompson.
7:49 of 1st period - Shot Blocked by Colton Parayko.
8:01 of 1st period - Drayson Bowman is hit by Zach Sill and loses puck.
8:12 of 1st period - Snap shot by Miikka Salomaki.
8:12 of 1st period - Stopped by Malcolm Subban with a rebound.
8:30 of 1st period - Wrist shot by Zac Dalpe.
8:30 of 1st period - Stopped by Malcolm Subban with a rebound.
8:32 of 1st period - Snap shot by Alexandre Grenier.
8:32 of 1st period - Stopped by Malcolm Subban without a rebound.
8:33 of 1st period - Zac Dalpe wins face-off versus Joey Hishon in Falcons zone.
8:58 of 1st period - Slapshot by John Albert.
8:58 of 1st period - Stopped by Malcolm Subban with a rebound.
11:00 of 1st period - Wrist shot by Justin Shugg.
11:00 of 1st period - Stopped by Malcolm Subban with a rebound.
11:24 of 1st period - Snap shot by Justin Courtnall.
11:24 of 1st period - Shot Misses the Net.
11:30 of 1st period - Snap shot by Justin Courtnall.
11:30 of 1st period - Shot Misses the Net.
11:42 of 1st period - Slapshot by Justin Courtnall.
11:42 of 1st period - Stopped by Justin Peters with a rebound.
11:57 of 1st period - Zach Sill is hit by Freddie Hamilton and loses puck.
12:08 of 1st period - Bruno Gervais is hit by Nathan Beaulieu and loses puck.
12:21 of 1st period - Zach Sill is hit by Drayson Bowman and loses puck.
12:30 of 1st period - Miikka Salomaki is hit by Emile Poirier and loses puck.
13:15 of 1st period - Zac Dalpe is hit by Joey Hishon and loses puck.
15:26 of 1st period - Brandon Kozun is hit by Jacob De La Rose and loses puck.
15:35 of 1st period - Jacob De La Rose is hit by Cameron Gaunce and loses puck.
15:57 of 1st period - Slapshot by Joey Hishon.
15:57 of 1st period - Stopped by Justin Peters with a rebound.
15:59 of 1st period - Backhand shot by Eric Tangradi.
15:59 of 1st period - Shot Misses the Net.
16:03 of 1st period - Snap shot by Eric Tangradi.
16:03 of 1st period - Stopped by Justin Peters without a rebound.
16:04 of 1st period - Joey Hishon wins face-off versus Brett Ritchie in Stars zone.
16:13 of 1st period - Justin Courtnall is hit by Zach Sill.
16:17 of 1st period - Paul Thompson is hit by Markus Granlund.
16:29 of 1st period - Snap shot by Rocco Grimaldi.
16:29 of 1st period - Shot Misses the Net.
16:31 of 1st period - Slapshot by Steven Delisle.
16:31 of 1st period - Shot Misses the Net.
16:33 of 1st period - Snap shot by Steven Delisle.
16:33 of 1st period - Stopped by Malcolm Subban with a rebound.
16:35 of 1st period - Slapshot by Jonathan Diaby.
16:35 of 1st period - Deflect By John Albert.
16:35 of 1st period - Shot Misses the Net.
16:35 of 1st period - Puck is out of play.
16:36 of 1st period - Dave Steckel wins face-off versus Rocco Grimaldi in Falcons zone.
16:47 of 1st period - Wrist shot by Drayson Bowman.
16:47 of 1st period - Stopped by Justin Peters with a rebound.
16:49 of 1st period - Wrist shot by Dave Steckel.
16:49 of 1st period - Shot Misses the Net.
17:03 of 1st period - Miikka Salomaki is hit by Duncan Siemens and loses puck.
17:08 of 1st period - Wrist shot by Freddie Hamilton.
17:08 of 1st period - Shot Blocked by Jason Williams.
17:12 of 1st period - Snap shot by Markus Granlund.
17:12 of 1st period - Shot Misses the Net.
17:33 of 1st period - Backhand shot by Joey Hishon.
17:33 of 1st period - Shot Misses the Net.
18:00 of 1st period - Rocco Grimaldi is hit by Drayson Bowman and loses puck.
18:45 of 1st period - Colton Parayko is hit by Cameron Gaunce and loses puck.
19:36 of 1st period - Zach Sill is hit by Alex Broadhurst and loses puck.
19:46 of 1st period - Icing by Duncan Siemens.
19:47 of 1st period - Dave Steckel wins face-off versus Zac Dalpe in Falcons zone.
19:54 of 1st period - Jonathan Diaby is hit by Slater Koekkoek and loses puck.
Goals for this period are 0 for Stars vs 0 for Falcons.
Shots for this period are 7 for Stars vs 8 for Falcons.

2nd period


0:01 of 2nd period - Markus Granlund wins face-off versus Paul Thompson in neutral zone.
0:16 of 2nd period - Snap shot by Freddie Hamilton.
0:16 of 2nd period - Shot Blocked by Bruno Gervais.
0:18 of 2nd period - Wrist shot by Jacob De La Rose.
0:18 of 2nd period - Stopped by Justin Peters with a rebound.
0:28 of 2nd period - Snap shot by Paul Thompson.
0:28 of 2nd period - Shot Misses the Net.
1:08 of 2nd period - Steven Delisle is hit by Colton Parayko and loses puck.
2:13 of 2nd period - Slapshot by Austin Madaisky.
2:13 of 2nd period - Shot Misses the Net.
2:25 of 2nd period - Markus Granlund is hit by Miikka Salomaki and loses puck.
2:58 of 2nd period - Jacob De La Rose is hit by Brandon Kozun and loses puck.
3:15 of 2nd period - Wrist shot by Joey Hishon.
3:15 of 2nd period - Shot Misses the Net.
3:17 of 2nd period - Snap shot by Eric Tangradi.
3:17 of 2nd period - Deflect By Joey Hishon.
3:17 of 2nd period - Shot Misses the Net.
3:17 of 2nd period - Puck is out of play.
3:18 of 2nd period - Brett Ritchie wins face-off versus Joey Hishon in Stars zone.
4:15 of 2nd period - Slapshot by Brandon Kozun.
4:15 of 2nd period - Shot Misses the Net.
4:33 of 2nd period - Minor Penalty to Cameron Gaunce for Holding Stick.
4:34 of 2nd period - Markus Granlund wins face-off versus Brett Ritchie in Stars zone.
4:51 of 2nd period - Wrist shot by Jacob De La Rose.
4:51 of 2nd period - Shot Blocked by Brett Ritchie.
4:53 of 2nd period - Snap shot by Nathan Beaulieu.
4:53 of 2nd period - Shot Misses the Net.
4:55 of 2nd period - Snap shot by Markus Granlund.
4:55 of 2nd period - Deflect By Jacob De La Rose.
4:55 of 2nd period - Shot Misses the Net.
4:55 of 2nd period - Puck is out of play.
4:56 of 2nd period - Miikka Salomaki wins face-off versus Joey Hishon in Stars zone.
6:33 of 2nd period - Penalty to Cameron Gaunce is over, Cameron Gaunce is back on ice.
7:29 of 2nd period - Paul Thompson is hit by Emile Poirier and loses puck.
7:44 of 2nd period - Slapshot by Justin Shugg.
7:44 of 2nd period - Shot Blocked by Justin Courtnall.
7:46 of 2nd period - Snap shot by Jonathan Diaby.
7:46 of 2nd period - Stopped by Malcolm Subban with a rebound.
8:09 of 2nd period - Wrist shot by Brett Ritchie.
8:09 of 2nd period - Goal by Brett Ritchie - Stars : 1 - Falcons : 0.
8:10 of 2nd period - Zac Dalpe wins face-off versus Joey Hishon in neutral zone.
8:13 of 2nd period - Snap shot by Brandon Kozun.
8:13 of 2nd period - Stopped by Malcolm Subban without a rebound.
8:14 of 2nd period - Joey Hishon wins face-off versus Zac Dalpe in Falcons zone.
8:21 of 2nd period - Brandon Kozun is hit by Eric Tangradi and loses puck.
8:44 of 2nd period - Snap shot by Brandon Kozun.
8:44 of 2nd period - Shot Misses the Net.
9:04 of 2nd period - Wrist shot by Paul Thompson.
9:04 of 2nd period - Shot Misses the Net.
9:47 of 2nd period - Snap shot by Miikka Salomaki.
9:47 of 2nd period - Shot Misses the Net.
9:49 of 2nd period - Slapshot by Bruno Gervais.
9:49 of 2nd period - Shot Blocked by Freddie Hamilton.
9:51 of 2nd period - Wrist shot by Brent Sopel.
9:51 of 2nd period - Stopped by Malcolm Subban with a rebound.
9:59 of 2nd period - Slapshot by Brett Ritchie.
9:59 of 2nd period - Stopped by Malcolm Subban with a rebound.
10:01 of 2nd period - Wrist shot by Brett Ritchie.
10:01 of 2nd period - Stopped by Malcolm Subban with a rebound.
11:48 of 2nd period - Bruno Gervais is hit by Greg Rallo and loses puck.
12:01 of 2nd period - Slapshot by Zac Dalpe.
12:01 of 2nd period - Shot Misses the Net.
12:25 of 2nd period - Slapshot by Justin Shugg.
12:25 of 2nd period - Stopped by Malcolm Subban with a rebound.
12:27 of 2nd period - Wrist shot by John Albert.
12:27 of 2nd period - Deflect By Justin Shugg.
12:27 of 2nd period - Shot Misses the Net.
12:27 of 2nd period - Puck is out of play.
12:28 of 2nd period - Paul Thompson wins face-off versus Dave Steckel in Falcons zone.
12:47 of 2nd period - Backhand shot by Drayson Bowman.
12:47 of 2nd period - Stopped by Justin Peters with a rebound.
13:38 of 2nd period - Minor Penalty to Brent Sopel for Holding.
13:39 of 2nd period - Markus Granlund wins face-off versus Brett Ritchie in Stars zone.
13:41 of 2nd period - Wrist shot by Jacob De La Rose.
13:41 of 2nd period - Shot Misses the Net.
13:43 of 2nd period - Slapshot by Ville Pokka.
13:43 of 2nd period - Shot Misses the Net.
13:45 of 2nd period - Slapshot by Nathan Beaulieu.
13:45 of 2nd period - Shot Misses the Net.
13:47 of 2nd period - Slapshot by Nathan Beaulieu.
13:47 of 2nd period - Shot Misses the Net.
13:49 of 2nd period - Snap shot by Markus Granlund.
13:49 of 2nd period - Goal by Markus Granlund - Stars : 1 - Falcons : 1.
13:50 of 2nd period - Dave Steckel wins face-off versus Zac Dalpe in neutral zone.
13:59 of 2nd period - Slapshot by Emile Poirier.
13:59 of 2nd period - Stopped by Justin Peters with a rebound.
14:01 of 2nd period - Snap shot by Ville Pokka.
14:01 of 2nd period - Deflect By Alexandre Grenier.
14:01 of 2nd period - Stopped by Justin Peters without a rebound.
14:02 of 2nd period - Drayson Bowman wins face-off versus Zac Dalpe in Stars zone.
14:39 of 2nd period - Minor Penalty to Steven Delisle for Roughing.
14:40 of 2nd period - Joey Hishon wins face-off versus Brett Ritchie in Stars zone.
16:13 of 2nd period - Slapshot by Freddie Hamilton.
16:13 of 2nd period - Goal by Freddie Hamilton - Stars : 1 - Falcons : 2.
16:14 of 2nd period - Dave Steckel wins face-off versus Zac Dalpe in neutral zone.
16:56 of 2nd period - Minor Penalty to Justin Shugg for Hooking.
16:57 of 2nd period - Markus Granlund wins face-off versus Brett Ritchie in Stars zone.
17:03 of 2nd period - Slapshot by Ville Pokka.
17:03 of 2nd period - Stopped by Justin Peters with a rebound.
17:05 of 2nd period - Snap shot by Freddie Hamilton.
17:05 of 2nd period - Goal by Freddie Hamilton - Stars : 1 - Falcons : 3.
17:06 of 2nd period - Markus Granlund wins face-off versus Zac Dalpe in neutral zone.
17:10 of 2nd period - Off-side.
17:11 of 2nd period - Markus Granlund wins face-off versus Zac Dalpe in neutral zone.
17:16 of 2nd period - Snap shot by Freddie Hamilton.
17:16 of 2nd period - Shot Blocked by Brandon Kozun.
17:31 of 2nd period - Snap shot by Markus Granlund.
17:31 of 2nd period - Shot Blocked by Steven Delisle.
17:37 of 2nd period - Snap shot by Freddie Hamilton.
17:37 of 2nd period - Shot Blocked by Steven Delisle.
17:39 of 2nd period - Wrist shot by Jacob De La Rose.
17:39 of 2nd period - Shot Blocked by Bruno Gervais.
17:41 of 2nd period - Wrist shot by Ville Pokka.
17:41 of 2nd period - Shot Misses the Net.
17:43 of 2nd period - Slapshot by Nathan Beaulieu.
17:43 of 2nd period - Stopped by Justin Peters with a rebound.
17:45 of 2nd period - Snap shot by Jacob De La Rose.
17:45 of 2nd period - Stopped by Justin Peters with a rebound.
17:47 of 2nd period - Snap shot by Ville Pokka.
17:47 of 2nd period - Stopped by Justin Peters with a rebound.
17:56 of 2nd period - Off-side.
17:57 of 2nd period - Joey Hishon wins face-off versus Brett Ritchie in neutral zone.
18:18 of 2nd period - Wrist shot by Greg Rallo.
18:18 of 2nd period - Shot Blocked by Zach Sill.
18:46 of 2nd period - Snap shot by John Albert.
18:46 of 2nd period - Shot Blocked by Dave Steckel.
18:48 of 2nd period - Snap shot by John Albert.
18:48 of 2nd period - Shot Blocked by Vincent LoVerde.
18:50 of 2nd period - Backhand shot by Justin Shugg.
18:50 of 2nd period - Stopped by Malcolm Subban with a rebound.
18:58 of 2nd period - Snap shot by John Albert.
18:58 of 2nd period - Shot Misses the Net.
19:24 of 2nd period - Snap shot by Miikka Salomaki.
19:24 of 2nd period - Stopped by Malcolm Subban with a rebound.
19:26 of 2nd period - Slapshot by Jonathan Diaby.
19:26 of 2nd period - Shot Blocked by Emile Poirier.
19:30 of 2nd period - Wrist shot by Jason Williams.
19:30 of 2nd period - Stopped by Malcolm Subban without a rebound.
19:31 of 2nd period - Markus Granlund wins face-off versus Zac Dalpe in Falcons zone.
19:54 of 2nd period - Backhand shot by Freddie Hamilton.
19:54 of 2nd period - Stopped by Justin Peters with a rebound.
19:56 of 2nd period - Snap shot by Markus Granlund.
19:56 of 2nd period - Shot Blocked by Steven Delisle.
19:58 of 2nd period - Snap shot by Jacob De La Rose.
19:58 of 2nd period - Stopped by Justin Peters with a rebound.
Goals for this period are 1 for Stars vs 3 for Falcons.
Shots for this period are 10 for Stars vs 13 for Falcons.

3rd period


0:01 of 3rd period - Markus Granlund wins face-off versus Brett Ritchie in neutral zone.
0:21 of 3rd period - Bruno Gervais is hit by Nathan Beaulieu and loses puck.
1:00 of 3rd period - Zac Dalpe is hit by Greg Rallo and loses puck.
1:41 of 3rd period - Wrist shot by Paul Thompson.
1:41 of 3rd period - Shot Misses the Net.
1:43 of 3rd period - Slapshot by Bruno Gervais.
1:43 of 3rd period - Shot Blocked by Colton Parayko.
1:57 of 3rd period - Steven Delisle is hit by Dave Steckel and loses puck.
2:12 of 3rd period - Steven Delisle is hit by Justin Courtnall and loses puck.
2:34 of 3rd period - Slapshot by Duncan Siemens.
2:34 of 3rd period - Deflect By Steven Delisle.
2:34 of 3rd period - Stopped by Justin Peters with a rebound.
4:01 of 3rd period - Snap shot by Paul Thompson.
4:01 of 3rd period - Stopped by Malcolm Subban with a rebound.
4:18 of 3rd period - Dan Kelly is hit by Jason Williams and loses puck.
4:55 of 3rd period - Slapshot by Joey Hishon.
4:55 of 3rd period - Shot Blocked by Austin Madaisky.
4:57 of 3rd period - Snap shot by Eric Tangradi.
4:57 of 3rd period - Shot Misses the Net.
4:59 of 3rd period - Wrist shot by Greg Rallo.
4:59 of 3rd period - Stopped by Justin Peters with a rebound.
5:26 of 3rd period - Snap shot by Jason Williams.
5:26 of 3rd period - Shot Misses the Net.
5:42 of 3rd period - Slapshot by Zac Dalpe.
5:42 of 3rd period - Deflect By Markus Granlund.
5:42 of 3rd period - Stopped by Malcolm Subban without a rebound.
5:43 of 3rd period - Zac Dalpe wins face-off versus Alex Broadhurst in Falcons zone.
5:44 of 3rd period - Wrist shot by Alexandre Grenier.
5:44 of 3rd period - Deflect By Brandon Kozun.
5:44 of 3rd period - Stopped by Malcolm Subban without a rebound.
5:45 of 3rd period - Alex Broadhurst wins face-off versus Zac Dalpe in Falcons zone.
5:52 of 3rd period - Slapshot by Colton Parayko.
5:52 of 3rd period - Stopped by Justin Peters with a rebound.
5:58 of 3rd period - Justin Courtnall is hit by Brent Sopel and loses puck.
6:09 of 3rd period - Bruno Gervais is hit by Vincent LoVerde and loses puck.
6:42 of 3rd period - Jason Williams is hit by Greg Rallo and loses puck.
6:53 of 3rd period - Austin Madaisky is hit by Vincent LoVerde and loses puck.
7:03 of 3rd period - Icing by Austin Madaisky.
7:04 of 3rd period - Miikka Salomaki wins face-off versus Drayson Bowman in Stars zone.
7:51 of 3rd period - Eric Tangradi and Steven Delisle fight to a draw.
7:51 of 3rd period - Penalty to Eric Tangradi for Fighting.
7:51 of 3rd period - Penalty to Steven Delisle for Fighting.
7:52 of 3rd period - Joey Hishon wins face-off versus Zac Dalpe in Falcons zone.
8:01 of 3rd period - Snap shot by Greg Rallo.
8:01 of 3rd period - Stopped by Justin Peters with a rebound.
8:03 of 3rd period - Wrist shot by Joey Hishon.
8:03 of 3rd period - Goal by Joey Hishon - Stars : 1 - Falcons : 4.
8:04 of 3rd period - Joey Hishon wins face-off versus Zac Dalpe in neutral zone.
8:07 of 3rd period - Slapshot by Nathan Beaulieu.
8:07 of 3rd period - Shot Hit the Post.
8:14 of 3rd period - Icing by Bruno Gervais.
8:15 of 3rd period - Joey Hishon wins face-off versus Zac Dalpe in Stars zone.
9:34 of 3rd period - Dave Steckel is hit by Brett Ritchie and loses puck.
9:42 of 3rd period - Off-side.
9:43 of 3rd period - Miikka Salomaki wins face-off versus Dave Steckel in neutral zone.
10:41 of 3rd period - Penalty Shot by Joey Hishon for Falcons.
10:41 of 3rd period - Snap shot by Joey Hishon.
10:41 of 3rd period - Shot Misses the Net.
10:42 of 3rd period - Markus Granlund wins face-off versus Paul Thompson in Falcons zone.
11:38 of 3rd period - Snap shot by Greg Rallo.
11:38 of 3rd period - Shot Misses the Net.
11:42 of 3rd period - Slapshot by Greg Rallo.
11:42 of 3rd period - Stopped by Justin Peters with a rebound.
12:33 of 3rd period - Icing by Jonathan Diaby.
12:34 of 3rd period - Joey Hishon wins face-off versus Paul Thompson in Stars zone.
12:41 of 3rd period - Snap shot by Joey Hishon.
12:41 of 3rd period - Shot Blocked by Bruno Gervais.
12:43 of 3rd period - Slapshot by Joey Hishon.
12:43 of 3rd period - Shot Misses the Net.
12:45 of 3rd period - Snap shot by Dave Steckel.
12:45 of 3rd period - Shot Misses the Net.
12:49 of 3rd period - Wrist shot by Joey Hishon.
12:49 of 3rd period - Stopped by Justin Peters with a rebound.
13:51 of 3rd period - Snap shot by Brandon Kozun.
13:51 of 3rd period - Stopped by Malcolm Subban with a rebound.
13:53 of 3rd period - Slapshot by Cameron Gaunce.
13:53 of 3rd period - Shot Blocked by Joey Hishon.
13:55 of 3rd period - Snap shot by Austin Madaisky.
13:55 of 3rd period - Shot Blocked by Joey Hishon.
14:01 of 3rd period - Wrist shot by Brandon Kozun.
14:01 of 3rd period - Shot Blocked by Duncan Siemens.
15:26 of 3rd period - Jason Williams is hit by Emile Poirier and loses puck.
15:37 of 3rd period - Wrist shot by Brett Ritchie.
15:37 of 3rd period - Shot Misses the Net.
15:39 of 3rd period - Wrist shot by Zach Sill.
15:39 of 3rd period - Shot Blocked by Colton Parayko.
16:48 of 3rd period - Off-side.
16:49 of 3rd period - Zac Dalpe wins face-off versus Joey Hishon in neutral zone.
16:52 of 3rd period - Slapshot by Brandon Kozun.
16:52 of 3rd period - Shot Misses the Net.
17:06 of 3rd period - Snap shot by Zac Dalpe.
17:06 of 3rd period - Deflect By Alexandre Grenier.
17:06 of 3rd period - Stopped by Malcolm Subban with a rebound.
18:29 of 3rd period - Eric Tangradi is hit by Jason Williams and loses puck.
18:47 of 3rd period - Minor Penalty to Eric Tangradi for High sticking.
18:48 of 3rd period - Markus Granlund wins face-off versus Zac Dalpe in Falcons zone.
18:48 of 3rd period - Markus Granlund is hit by Alexandre Grenier.
18:57 of 3rd period - Off-side.
18:58 of 3rd period - Jacob De La Rose wins face-off versus Zac Dalpe in neutral zone.
19:03 of 3rd period - Wrist shot by Markus Granlund.
19:03 of 3rd period - Deflect By Zac Dalpe.
19:03 of 3rd period - Stopped by Justin Peters without a rebound.
19:04 of 3rd period - Zac Dalpe wins face-off versus Markus Granlund in Stars zone.
19:31 of 3rd period - Brett Ritchie is hit by Jacob De La Rose and loses puck.
Goals for this period are 0 for Stars vs 1 for Falcons.
Shots for this period are 5 for Stars vs 8 for Falcons.